Map: 디스코 블러드배스 - 래더

Players

Zest

  • Race: Protoss Protoss
  • League: Master
  • Spawn Location: 3:00

llllllllllll (Trap) - Winner!

  • Race: Protoss Protoss
  • League: Master
  • Spawn Location: 9:00

Event: HomeStory Cup XX

VOD

Have the link to the VOD?

Description

Time

  • Played on: Nov. 23, 2019, 9:28 a.m.
  • Length: 6:31

All games in this series

Show
View Real Time Build Order
Export as new Build Order

Zest Protoss 

Build Orders:  

Get SALT Encoding   

  12  0:00  Probe  
  13  0:12  Probe  
  14  0:17  Pylon  
  14  0:23  Probe  
  15  0:32  Probe  
  15  0:36  Gateway  
  15  0:40  Probe  
  16  0:46  Assimilator  
  17  0:51  Probe  
  17  0:54  Assimilator  
  18  1:00  Probe  
  19  1:07  Gateway  
  19  1:08  Probe  
  19  1:17  Probe  
  20  1:23  Cybernetics Core  
  21  1:29  Probe  
  22  1:34  Pylon  
  22  1:41  Probe  
  24  2:00  Stalker x2, Warp Gate  
  27  2:12  Probe  
  27  2:15  Stargate  
  28  2:22  Pylon  
  28  2:48  Void Ray  
  28  2:56  Gateway  
  28  3:05  Stalker x2  
  36  3:23  Pylon  
  36  3:30  Void Ray  
  40  3:44  Shield Battery  
  40  3:52  Stalker x2  
  44  3:59  Stalker  
  46  4:08  Pylon  
  46  4:11  Shield Battery  
  46  4:30  Stalker x2  
  46  4:31  Stalker  
  42  4:56  Stalker x2  
  42  4:57  Stalker  
  48  5:03  Shield Battery  
  48  5:23  Stalker x2  
  48  5:25  Stalker  
  54  5:32  Pylon  
  44  5:59  Stalker x3  
Show
View Real Time Build Order
Export as new Build Order

llllllllllll Protoss - Winner!

Build Orders: 1 Gate Expand, Phoenix Opening, Proxy Void Ray 

Get SALT Encoding   

  12  0:00  Probe  
  13  0:12  Probe  
  14  0:18  Pylon  
  14  0:24  Probe  
  15  0:33  Probe  
  15  0:39  Gateway  
  15  0:41  Probe  
  16  0:47  Assimilator  
  17  0:50  Probe  
  18  1:03  Probe  
  19  1:15  Probe  
  20  1:22  Nexus  
  20  1:33  Cybernetics Core  
  20  1:36  Probe  
  21  1:43  Assimilator  
  21  1:48  Probe  
  21  1:52  Pylon  
  22  2:00  Probe  
  23  2:02  Sentry  
  23  2:10  Warp Gate  
  23  2:12  Probe  
  26  2:20  Shield Battery  
  26  2:24  Probe  
  26  2:27  Stalker  
  28  2:42  Probe x2  
  30  2:47  Stalker, Stargate  
  30  2:48  Phoenix  
  32  3:00  Shield Battery  
  32  3:05  Pylon  
  32  3:07  Probe  
  34  3:17  Stalker  
  35  3:20  Gateway  
  35  3:24  Void Ray  
  39  3:38  Shield Battery  
  39  3:42  Shield Battery  
  39  3:54  Pylon  
  39  3:56  Void Ray  
  39  3:58  Zealot  
  41  4:07  Shield Battery  
  45  4:17  Stalker  
  45  4:22  Shield Battery  
  47  4:34  Pylon  
  47  4:36  Void Ray  
  43  4:50  Shield Battery  
  45  4:53  Stalker  
  45  4:58  Stalker  
  49  5:02  Pylon  
  49  5:14  Void Ray  
  49  5:18  Zealot  
  55  5:32  Gateway  
  55  5:42  Stalker, Zealot  
  47  6:04  Zealot  
  47  6:07  Zealot  
  49  6:15  Probe x2  
  47  6:25  Stalker  
  47  6:27  Stalker  
  47  6:28  Zealot  
Tags
 
Add a new tag
Caveats
  • Supply blocks, unpowered buildings, or Contaminate may cause inaccurate times.
  • Supply counts are checked every 10 seconds.